 Dungeon Crawl Stone Soup version 0.17-a0-1176-g3d5a0d0 (webtiles) character file.

9 Gorice the Ducker (level 2, 0/16 HPs)
             Began as a Spriggan Wanderer on May 30, 2015.
             Slain by a goblin (2 damage)
             ... on level 1 of the Dungeon.
             The game lasted 00:00:56 (147 turns).

Gorice the Ducker (Spriggan Wanderer)                Turns: 147, Time: 00:00:57

Health: 0/16       AC:  2    Str:  8    XL:     2   Next: 3%
Magic:  4/4        EV: 18    Int: 12    God:
Gold:   15         SH:  0    Dex: 16    Spells: 0 memorised, 1 level left

rFire  . . .     SeeInvis +     a - +2 short sword
rCold  . . .     Clarity  .     c - +0 robe
rNeg   . . .     SustAt   .     (shield restricted)
rPois  .         Gourm    .     (helmet restricted)
rElec  .         Spirit   .     (no cloak)
rCorr  .         Warding  .     (gloves unavailable)
rMut   .         Stasis   .     (boots unavailable)
MR     .....                    (no amulet)
Stlth  ++........               (no ring)
                                (no ring)

@: very quick, not resistant to hostile enchantments, unstealthy
A: unfitting armour, see invisible, herbivore 3, speed 3, slow metabolism 2
a: no special abilities


You were on level 1 of the Dungeon.
You were not hungry.

You visited 1 branch of the dungeon, and saw 1 of its levels.

You collected 15 gold pieces.

Inventory:

Hand weapons
 a - a +2 short sword (weapon)
 f - a +1 whip of flaming
   (You took it off a kobold on level 1 of the Dungeon)
Armour
 c - a +0 robe (worn)
Scrolls
 e - 2 scrolls of enchant weapon {unknown}
Potions
 b - a potion of lignification {!q}
 g - a potion of haste {unknown}
Comestibles
 d - a bread ration {!e}


   Skills:
 - Level 2.4 Fighting
 * Level 2.8 Short Blades
   Level 1.2 Bows
 - Level 3.0 Dodging
 + Level 1.4 Stealth
   Level 1.0 Shields
   Level 1.3 Evocations


You had one spell level left.
You didn't know any spells.

Dungeon Overview and Level Annotations

Branches:
Dungeon (1/15)

Altars:


Innate Abilities, Weirdness & Mutations

You are tiny and cannot use many weapons and most armour.
You have supernaturally acute eyesight.
You are a herbivore.
You cover ground extremely quickly.
You need consume almost no food.


Message History

You are too injured to fight recklessly!
You are too injured to fight recklessly!
You barely miss the giant newt.
The giant newt hisses menacingly.
The giant newt bites you but does no damage.
You puncture the giant newt!
You kill the giant newt!
A rat, a jackal and a goblin come into view.
The jackal barks!
A jackal comes into view.
A jackal comes into view.
Found an escape hatch in the floor.
The goblin shouts!
The jackal barks!
The rat barely misses you.
You closely miss the rat. The rat barely misses you.
A jackal comes into view.
You hit the rat.
The rat is severely wounded.
The rat completely misses you.
You hit the rat.
You kill the rat!
Your Stealth skill increases to level 1!
You puncture the jackal!
You kill the jackal!
The jackal bites you.
* * * LOW HITPOINT WARNING * * *
You see here a jackal corpse.
Damage: 1 (max 1)
You puncture the jackal!
You kill the jackal!
You hit the jackal.
The jackal is heavily wounded.
The jackal barely misses you. The jackal misses you.
You barely miss the jackal.
The jackal is heavily wounded.
The jackal bites you but does no damage.
The jackal barks!
You hit the jackal.
You kill the jackal!
You have reached level 2!
The goblin closely misses you.
You are too injured to fight recklessly!
You are too injured to fight recklessly!
You are too injured to fight recklessly!
You are too injured to fight recklessly!
You are too injured to fight recklessly!
You are too injured to fight recklessly!
You are too injured to fight recklessly!
You barely miss the goblin. The goblin hits you.
You die...

##### # ...#
#.##.#################
#.....................
#######g####..###########
........@..h.........
........#####.#......
.######.# #....h..> #.#
......... #.# (.....♣♣♣
#.# ......... #+#
.......♣♣ .####....


You could see a jackal and a goblin.

Vanquished Creatures
  A giant gecko (D:1)
  3 jackals (D:1)
  A giant newt (D:1)
  A kobold (D:1)
  2 rats (D:1)
8 creatures vanquished.

Notes
Turn   | Place    | Note
--------------------------------------------------------------
     0 | D:1      | Gorice the Spriggan Wanderer began the quest for the Orb.
     0 | D:1      | Gorice set off with: a +2 short sword, a potion of lignification {!q}, a +0 robe, a bread ration {!e}
     0 | D:1      | Reached XP level 1. HP: 11/11 MP: 3/3
   127 | D:1      | HP: 2/11 [giant newt (3)]
   136 | D:1      | Reached skill level 1 in Stealth
   142 | D:1      | HP: 2/11 [jackal (1)]
   146 | D:1      | Reached XP level 2. HP: 2/16 MP: 4/4
   147 | D:1      | Slain by a goblin

Vault maps used:
D:1:      ldierk_walled_garden_2, serial_forest, infiniplex_forest_straight_1,
          infiniplex_forest_clump_diagonal, infiniplex_forest_split,
          infiniplex_forest_clump_long, infiniplex_forest_end_2,
          infiniplex_forest_clump_C, infiniplex_forest_corner_1,
          minmay_shallow_snake_nest

Action                   || total
-------------------------++-------
Melee: Short sword       ||    19

Table legend:
 A = Turns spent in this place as a percentage of turns spent in the entire game.
 B = Non-inter-level travel turns spent in this place as a percentage of non-inter-level travel turns spent in the entire game.
 C = Inter-level travel turns spent in this place as a percentage of turns spent in this place.
 D = Turns resting spent in this place as a percentage of non-inter-level travel turns spent in this place.
 E = Turns spent auto-exploring this place as a percentage of non-inter-level travel turns spent in this place.
 F = Non-inter-level travel turns spent in this place divided by the number of levels of this place that you've seen.
                   A       B       C       D       E      F
               +-------+-------+-------+-------+-------+----------------------
         Total | 100.0 | 100.0 |   0.0 |   0.0 |   5.6 |  90.0
       Dungeon | 100.0 | 100.0 |   0.0 |   0.0 |   5.6 |  90.0
               +-------+-------+-------+-------+-------+----------------------

Vault maps used:
D:1:      ldierk_walled_garden_2, serial_forest, infiniplex_forest_straight_1,
          infiniplex_forest_clump_diagonal, infiniplex_forest_split,
          infiniplex_forest_clump_long, infiniplex_forest_end_2,
          infiniplex_forest_clump_C, infiniplex_forest_corner_1,
          minmay_shallow_snake_nest
